 Dungeon Crawl Stone Soup version 0.29-a0-303-ge4682ce883 (webtiles) character file.

Game seed: 5825552202044015587

17 kae the Firebug (level 2, -2/16 HPs)
             Began as a Tengu Fire Elementalist on Mar 25, 2022.
             Slain by a hobgoblin (4 damage)
             ... on level 1 of the Dungeon.
             The game lasted 00:00:17 (717 turns).

kae the Firebug (Tengu Fire Elementalist)            Turns: 717, Time: 00:00:17

Health: -2/16      AC:  2    Str:  8    XL:     2   Next: 62%
Magic:  2/6        EV: 12    Int: 15    God:
Gold:   42         SH:  0    Dex: 14    Spells: 4/5 levels left

rFire   . . .      SeeInvis .   (no weapon)
rCold   . . .      Faith    .   (no shield)
rNeg    . . .      Spirit   .   a - +0 robe
rPois   .          Reflect  .   (helmet restricted)
rElec   .          Harm     .   (no cloak)
rCorr   .          Rampage  .   (no gloves)
Will    .....                   (boots unavailable)
Stlth   ++........              (no amulet)
HPRegen 0.05/turn               (no ring)
MPRegen 0.10/turn               (no ring)

@: no status effects
A: beak, talons 3
a: no special abilities


You were on level 1 of the Dungeon.
You visited 1 branch of the dungeon, and saw 1 of its levels.

You collected 42 gold pieces.

Inventory:

Armour
 a - a +0 robe (worn)
Jewellery
 d - an amulet of magic regeneration
Scrolls
 c - 2 scrolls of amnesia {unknown}
 e - a scroll of teleportation {unknown}
Potions
 b - a potion of magic


   Skills:
 + Level 0.4 Fighting
 + Level 0.6 Armour
 + Level 2.3 Dodging
 - Level 2.0 Stealth
 + Level 2.1 Spellcasting
 + Level 1.8 Conjurations
 * Level 3.6 Fire Magic


You had 4 spell levels left.
You knew the following spells:

 Your Spells              Type           Power      Damage    Failure   Level
a - Foxfire               Conj/Fire      36%        2x1d5     7%          1

Your spell library contained the following spells:

 Spells                   Type           Power      Damage    Failure   Level
 Scorch                   Fire           24%        2d6       8%          2
 Conjure Flame            Conj/Fire      9%         6-21      22%         3
 Inner Flame              Hex/Fire       7%         N/A       30%         3
 Flame Wave               Conj/Fire      9%         2d5       56%         4


Dungeon Overview and Level Annotations

Branches:
Dungeon (1/15)

Altars:


Innate Abilities, Weirdness & Mutations

You have a beak for a mouth.
You have claws for feet.


Message History

The foxfire hits the bat.
You kill the bat!
The foxfire hits the hobgoblin but does no damage.
The hobgoblin hits you.
There are monsters nearby!
You hit the quokka. Your kick misses the quokka.
The quokka is moderately wounded.
The quokka misses you. The hobgoblin closely misses you.
You closely miss the quokka. You claw the quokka, but do no damage.
The quokka is moderately wounded.
The quokka bites you. The hobgoblin hits you.
There are monsters nearby!
Casting: Foxfire (safe; 7% risk of failure)
Confirm with . or Enter, or press ? or * to list all spells.
You conjure some foxfire!
The quokka barely misses you. The hobgoblin misses you.
The foxfire hits the quokka.
You kill the quokka!
The foxfire hits the hobgoblin but does no damage.
The hobgoblin barely misses you.
A hobgoblin is nearby!
You are too injured to fight recklessly!
You are too injured to fight recklessly!
A hobgoblin is nearby!
A hobgoblin is nearby!
Casting: Foxfire (safe; 7% risk of failure)
Confirm with . or Enter, or press ? or * to list all spells.
You conjure some foxfire!
The hobgoblin hits you.
* * * LOW HITPOINT WARNING * * *
The foxfire hits the hobgoblin.
The hobgoblin is heavily wounded.
The foxfire hits the hobgoblin.
The hobgoblin is severely wounded.
The hobgoblin hits you.
* * * LOW HITPOINT WARNING * * *
A hobgoblin is nearby!
Casting: Foxfire (safe; 7% risk of failure)
Confirm with . or Enter, or press ? or * to list all spells.
You conjure some foxfire!
The hobgoblin hits you.
You die...

########### .
..........# .
..........# . .
..........# ... .
.....##############.....
. .....#
#.......§@†...... .
.....###.#####.vvg....#.
.
.............#........#
.
.............#........#
.
#............#........#
.
................).......
.
.............#........#.
.
.............#........#
. ........>.............
.


You could see a hobgoblin (ally target).

Vanquished Creatures
  3 bats (D:1)
  2 endoplasms (D:1)
  A giant cockroach (D:1)
  2 goblins (D:1)
  A hobgoblin (D:1)
  2 quokkas (D:1)
  A ball python (D:1)
  A frilled lizard (D:1)
  2 rats (D:1)
15 creatures vanquished.

Vanquished Creatures (collateral kills)
  3 foxfires (D:1)
3 creatures vanquished.

Vanquished Creatures (others)
  39 foxfires (D:1)
39 creatures vanquished.

Grand Total: 57 creatures vanquished

Notes
Turn   | Place    | Note
-------+----------+-------------------------------------------
     0 | D:1      | kae the Tengu Fire Elementalist began the quest for the
                  | Orb.
     0 | D:1      | Reached XP level 1. HP: 10/10 MP: 4/4
   475 | D:1      | Reached XP level 2. HP: 15/15 MP: 4/6
   671 | D:1      | Found a faded altar of an unknown god.
   717 | D:1      | Slain by a hobgoblin

Illustrated notes

Levels and vault maps discovered:
D:1:      eino_arrival_druids_welcome, layout_basic,
          hellmonk_ecumenical_altar_leap_of_faith, minivault_19,
          serial_bayou_pond_e

Action                   || total
-------------------------++-------
Melee: Unarmed           ||     4
       Kick              ||     2
 Cast: Foxfire           ||    26
Armor: Robe              ||     1
Dodge: Dodged            ||     7

Table legend: (Time is in decaauts)
 A = Elapsed time spent in this place.
 B = Non-inter-level travel time spent in this place.
 C = Inter-level travel time spent in this place.
 D = Time resting spent in this place.
 E = Time spent auto-exploring this place.
 F = Levels seen in this place.
 G = Mean time per level.
                   A        B        C        D        E       F      G
               +--------+--------+--------+--------+--------+-----+--------+
         Total |    717 |    717 |      0 |      0 |    617 |   1 |  717.0 |
       Dungeon |    717 |    717 |      0 |      0 |    617 |   1 |  717.0 |
               +--------+--------+--------+--------+--------+-----+--------+

Top non-repeatable levels by time:
     D:1: 717 daAuts
